| TOP OF THE 1ST |
|
Great Lakes Loons batting - Pitching for Hagerstown Suns : RHP Salvador Medina
|
|
Pitching: RHP Salvador Medina
|
|
|
Batting: RHB Ken Jenkins
|
0-0: Swinging Strike 0-1: Swinging Strike 0-2: Foul Ball, location: 2F 0-2: Strikes out swinging
|
|
Batting: RHB Alex Mejia
|
0-0: Foul Ball, location: 2F 0-1: Ball 1-1: DOUBLE (Line Drive, 89M, EV 101.9 MPH)
|
|
Batting: LHB Antonio Luis
|
0-0: Ball 1-0: Called Strike 1-1: Ball 2-1: Foul Ball, location: 2F 2-2: Ball 3-2: SINGLE (Groundball, 4, EV 101.3 MPH) Alex Mejia to third Throwing error, E8 Alex Mejia scores Antonio Luis to second
|
|
Batting: LHB Jim Chalk
|
0-0: Foul Ball, location: 2F 0-1: Foul Ball, location: 2F 0-2: Strikes out swinging
|
|
Batting: LHB Alberto Chavez
|
0-0: Called Strike 0-1: Ball 1-1: Swinging Strike 1-2: DOUBLE (Flyball, 89D, EV 99.4 MPH) Antonio Luis scores
|
|
Batting: RHB Ashton Crenshaw
|
0-0: Called Strike 0-1: Foul Ball, location: 2F 0-2: Foul Ball, location: 2F 0-2: Ball 1-2: Foul Ball, location: 2F 1-2: Ball 2-2: Fly out, F8 (Flyball, 8LD, EV 102.5 MPH)
|
| Top of the 1st over - 2 runs, 3 hits, 1 error, 1 left on base; Great Lakes 2 - Hagerstown 0 |
| BOTTOM OF THE 1ST |
|
Hagerstown Suns batting - Pitching for Great Lakes Loons : RHP Jeremy Stock
|
|
Pitching: RHP Jeremy Stock
|
|
|
Batting: RHB Pat Drader
|
0-0: Fly out, F8 (Line Drive, 8RM, EV 93.8 MPH)
|
|
Batting: LHB Ben Montgomery
|
0-0: Called Strike 0-1: Called Strike 0-2: Strikes out swinging
|
|
Batting: RHB Kevin Wick
|
0-0: Ball 1-0: SINGLE (Line Drive, 7S, EV 105.6 MPH)
|
|
Batting: RHB Felix Torres
|
0-0: Foul Ball, location: 2F 0-1: Ball 1-1: Fielders Choice at 2nd, 6-4 (Groundball, 6, EV 90.6 MPH)
|
| Bottom of the 1st over - 0 runs, 1 hit, 0 errors, 1 left on base; Great Lakes 2 - Hagerstown 0 |
| TOP OF THE 2ND |
|
Great Lakes Loons batting - Pitching for Hagerstown Suns : RHP Salvador Medina
|
|
Batting: RHB Phil Knox
|
0-0: Ball 1-0: Swinging Strike 1-1: Ball 2-1: Foul Ball, location: 2F 2-2: Ball 3-2: Base on Balls
|
|
Batting: RHB Josh Kimbrell
|
0-0: Called Strike 0-1: Ball 1-1: Ball 2-1: Fly out, F7 (Line Drive, 7S, EV 90.6 MPH)
|
|
Batting: RHB Santos Guadalupe
|
0-0: Ball 1-0: Ball 2-0: Foul Ball, location: 2F 2-1: Ball 3-1: Fly out, F6 (Line Drive, 6, EV 67.5 MPH)
|
|
Batting: RHB Ken Jenkins
|
0-0: Called Strike Phil Knox is caught stealing 2nd base 2-4
|
| Top of the 2nd over - 0 runs, 0 hits, 0 errors, 0 left on base; Great Lakes 2 - Hagerstown 0 |
| BOTTOM OF THE 2ND |
|
Hagerstown Suns batting - Pitching for Great Lakes Loons : RHP Jeremy Stock
|
|
Batting: RHB Josh Courtney
|
0-0: Ball 1-0: Swinging Strike 1-1: Ball 2-1: Ball 3-1: Swinging Strike 3-2: Ground out 4-3 (Groundball, 34, EV 86.9 MPH)
|
|
Batting: RHB Joe Young
|
0-0: Called Strike 0-1: Ball 1-1: Ball 2-1: Called Strike 2-2: Strikes out looking
|
|
Batting: RHB Tony Madrigal
|
0-0: Ball 1-0: Ball 2-0: Ball 3-0: Base on Balls
|
|
Batting: RHB Jeff Page
|
0-0: Fly out, F9 (Flyball, 9LM, EV 75.6 MPH)
|
| Bottom of the 2nd over - 0 runs, 0 hits, 0 errors, 1 left on base; Great Lakes 2 - Hagerstown 0 |
| TOP OF THE 3RD |
|
Great Lakes Loons batting - Pitching for Hagerstown Suns : RHP Salvador Medina
|
|
Batting: RHB Ken Jenkins
|
0-0: Called Strike 0-1: Ground out 3-1 (Groundball, 34, EV 82.5 MPH)
|
|
Batting: RHB Alex Mejia
|
0-0: Ball 1-0: Foul Ball, location: 2F 1-1: Ball 2-1: SINGLE (Flyball, 4D, EV 90.0 MPH)
|
|
Batting: LHB Antonio Luis
|
0-0: Ball Alex Mejia is caught stealing 2nd base 2-6 1-0: Foul Ball, location: 2F 1-1: Foul Ball, location: 2F 1-2: Ball 2-2: Ball 3-2: Base on Balls
|
|
Batting: LHB Jim Chalk
|
0-0: Foul Ball, location: 2F 0-1: DOUBLE (Line Drive, 3D, EV 98.1 MPH) Antonio Luis to third
|
|
Batting: LHB Alberto Chavez
|
0-0: Fly out, F8 (Flyball, 78D, EV 109.4 MPH)
|
| Top of the 3rd over - 0 runs, 2 hits, 0 errors, 2 left on base; Great Lakes 2 - Hagerstown 0 |
| BOTTOM OF THE 3RD |
|
Hagerstown Suns batting - Pitching for Great Lakes Loons : RHP Jeremy Stock
|
|
Batting: RHB Scott Skoglund
|
0-0: Swinging Strike 0-1: Foul Ball, location: 2F 0-2: Foul Ball, location: 2F 0-2: Strikes out swinging
|
|
Batting: RHB Pat Drader
|
0-0: Ball 1-0: Foul Ball, location: 2F 1-1: Ball 2-1: SINGLE (Groundball, 25, EV 72.5 MPH) (infield hit)
|
|
Pitching: RHP Santiago Montero
|
|
|
Pinch Runner at 1st Jon Metzler:
|
|
|
Batting: LHB Ben Montgomery
|
0-0: Called Strike Jon Metzler steals 2nd base 0-1: Ball 1-1: Called Strike 1-2: Strikes out swinging
|
|
Batting: RHB Kevin Wick
|
0-0: Called Strike 0-1: Ball 1-1: Called Strike 1-2: Foul Ball, location: 2F 1-2: Strikes out looking
|
| Bottom of the 3rd over - 0 runs, 1 hit, 0 errors, 1 left on base; Great Lakes 2 - Hagerstown 0 |
| TOP OF THE 4TH |
|
Great Lakes Loons batting - Pitching for Hagerstown Suns : RHP Salvador Medina
|
|
Now at 2B: Jon Metzler
|
|
|
Batting: RHB Ashton Crenshaw
|
0-0: Swinging Strike 0-1: Ball 1-1: Called Strike 1-2: Foul Ball, location: 2F 1-2: Ground out 6-3 (Groundball, 6, EV 86.9 MPH)
|
|
Batting: RHB Phil Knox
|
0-0: Foul Ball, location: 2F 0-1: Foul Ball, location: 2F 0-2: DOUBLE (Flyball, 78XD, EV 105.6 MPH)
|
|
Batting: RHB Josh Kimbrell
|
0-0: Ball 1-0: Ground out 6-3 (Groundball, 6, EV 93.1 MPH)
|
|
Batting: RHB Santos Guadalupe
|
0-0: Ball 1-0: Called Strike 1-1: Swinging Strike 1-2: Ball 2-2: Reached on error, E1 (Groundball, 15, EV 73.1 MPH) Phil Knox to third
|
|
Batting: RHB Ken Jenkins
|
0-0: Ball 1-0: Fly out, F8 (Flyball, 89M, EV 86.9 MPH)
|
| Top of the 4th over - 0 runs, 1 hit, 1 error, 2 left on base; Great Lakes 2 - Hagerstown 0 |
| BOTTOM OF THE 4TH |
|
Hagerstown Suns batting - Pitching for Great Lakes Loons : RHP Santiago Montero
|
|
Batting: RHB Felix Torres
|
0-0: Called Strike 0-1: Ball 1-1: Ball 2-1: Foul Ball, location: 2F 2-2: Strikes out swinging
|
|
Batting: RHB Josh Courtney
|
0-0: Foul Ball, location: 2F 0-1: Foul Ball, location: 2F 0-2: Ball 1-2: Ball 2-2: Foul Ball, location: 2F 2-2: Strikes out swinging
|
|
Pitching: RHP Servaas Morrow
|
|
|
Batting: RHB Joe Young
|
0-0: Ball 1-0: Called Strike 1-1: DOUBLE (Line Drive, 89XD, EV 107.5 MPH)
|
|
Batting: RHB Tony Madrigal
|
0-0: Called Strike 0-1: Ball 1-1: Swinging Strike 1-2: Ball 2-2: Strikes out swinging
|
| Bottom of the 4th over - 0 runs, 1 hit, 0 errors, 1 left on base; Great Lakes 2 - Hagerstown 0 |
| TOP OF THE 5TH |
|
Great Lakes Loons batting - Pitching for Hagerstown Suns : RHP Salvador Medina
|
|
Batting: RHB Alex Mejia
|
0-0: Ball 1-0: Foul Ball, location: 2F 1-1: Ball 2-1: Ground out 5-3 (Groundball, 56, EV 85.0 MPH)
|
|
Batting: LHB Antonio Luis
|
0-0: Ball 1-0: Called Strike 1-1: Foul Ball, location: 2F 1-2: Ball 2-2: Fly out, F9 (Flyball, 9LS, EV 90.6 MPH)
|
|
Pitching: RHP Fernando Fierros
|
|
|
Batting: LHB Jim Chalk
|
0-0: Called Strike 0-1: Ball 1-1: Ball 2-1: Called Strike 2-2: Fly out, F7 (Flyball, 7, EV 83.8 MPH)
|
| Top of the 5th over - 0 runs, 0 hits, 0 errors, 0 left on base; Great Lakes 2 - Hagerstown 0 |
| BOTTOM OF THE 5TH |
|
Hagerstown Suns batting - Pitching for Great Lakes Loons : RHP Servaas Morrow
|
|
Batting: RHB Jeff Page
|
0-0: Ball 1-0: Ball 2-0: Ball 3-0: Foul Ball, location: 2F 3-1: Swinging Strike 3-2: Foul Ball, location: 2F 3-2: Foul Ball, location: 2F 3-2: Foul Ball, location: 2F 3-2: Strikes out swinging
|
|
Batting: RHB Scott Skoglund
|
0-0: Called Strike 0-1: Ball 1-1: Ball 2-1: Foul Ball, location: 2F 2-2: Ball 3-2: Foul Ball, location: 2F 3-2: Base on Balls
|
|
Pitching: RHP Adonis Loyd
|
|
|
Batting: RHB Jon Metzler
|
0-0: Ball 1-0: Swinging Strike 1-1: Hit by Pitch Scott Skoglund to second
|
|
Batting: LHB Ben Montgomery
|
0-0: Ball 1-0: Ball 2-0: Called Strike 2-1: SINGLE (Line Drive, 7S, EV 99.4 MPH) Scott Skoglund to third Jon Metzler to second
|
|
Batting: RHB Kevin Wick
|
0-0: Swinging Strike 0-1: Swinging Strike 0-2: Strikes out swinging
|
|
Batting: RHB Felix Torres
|
0-0: Ball 1-0: Ball 2-0: Called Strike 2-1: Ball 3-1: Called Strike 3-2: Base on Balls Scott Skoglund scores Jon Metzler to third Ben Montgomery to second
|
|
Batting: RHB Josh Courtney
|
0-0: Called Strike 0-1: Ball 1-1: GRAND SLAM HOME RUN (Flyball, 89XD, EV 100.6 MPH), Distance : 404 ft
|
|
Pitching: RHP Bobby Primaticcio
|
|
|
Batting: RHB Joe Young
|
0-0: Called Strike 0-1: Swinging Strike 0-2: Foul Ball, location: 2F 0-2: Foul Ball, location: 2F 0-2: Ball 1-2: Ball 2-2: Ball 3-2: Base on Balls
|
|
Batting: RHB Tony Madrigal
|
0-0: Swinging Strike 0-1: Ball 1-1: Ball 2-1: Ball 3-1: Swinging Strike 3-2: DOUBLE (Line Drive, 89D, EV 104.4 MPH) Joe Young to third Joe Young scores
|
|
Batting: RHB Jeff Page
|
0-0: DOUBLE (Line Drive, 9LS, EV 107.5 MPH) Tony Madrigal scores
|
|
Batting: RHB Scott Skoglund
|
0-0: Ball 1-0: Called Strike 1-1: Swinging Strike 1-2: DOUBLE (Groundball, 5L, EV 106.9 MPH) Jeff Page scores
|
|
Pitching: LHP Bill Esten
|
|
|
Batting: RHB Jon Metzler
|
0-0: SINGLE (Line Drive, 6D, EV 95.6 MPH) Scott Skoglund to third
|
|
Batting: LHB Ben Montgomery
|
0-0: Foul Ball, location: 2F 0-1: Swinging Strike 0-2: Ball 1-2: Foul Ball, location: 2F 1-2: Foul Ball, location: 2F 1-2: Foul Ball, location: 2F 1-2: Foul Ball, location: 2F 1-2: Strikes out swinging
|
| Bottom of the 5th over - 8 runs, 6 hits, 0 errors, 2 left on base; Great Lakes 2 - Hagerstown 8 |
| TOP OF THE 6TH |
|
Great Lakes Loons batting - Pitching for Hagerstown Suns : RHP Fernando Fierros
|
|
Batting: LHB Alberto Chavez
|
0-0: Swinging Strike 0-1: Ball 1-1: Ball 2-1: Called Strike 2-2: Foul Ball, location: 2F 2-2: Strikes out swinging
|
|
Batting: RHB Ashton Crenshaw
|
0-0: Foul Ball, location: 2F 0-1: Ball 1-1: Fly out, F7 (Flyball, 78D, EV 108.1 MPH)
|
|
Batting: RHB Phil Knox
|
0-0: Called Strike 0-1: Foul Ball, location: 2F 0-2: Ball 1-2: SINGLE (Line Drive, 78S, EV 95.0 MPH)
|
|
Batting: RHB Josh Kimbrell
|
0-0: Ball 1-0: Ball 2-0: Ground out 2-3 (Groundball, 13S, EV 68.1 MPH)
|
| Top of the 6th over - 0 runs, 1 hit, 0 errors, 1 left on base; Great Lakes 2 - Hagerstown 8 |
| BOTTOM OF THE 6TH |
|
Hagerstown Suns batting - Pitching for Great Lakes Loons : LHP Bill Esten
|
|
Batting: RHB Kevin Wick
|
0-0: Called Strike 0-1: Ball 1-1: TRIPLE (Flyball, 89XD, EV 95.6 MPH)
|
|
Batting: RHB Felix Torres
|
0-0: Foul Ball, location: 2F 0-1: Ball 1-1: Foul Ball, location: 2F 1-2: SINGLE (Line Drive, 56D, EV 104.4 MPH) Kevin Wick scores
|
|
Batting: RHB Josh Courtney
|
0-0: Called Strike 0-1: Foul Ball, location: 2F 0-2: Ball 1-2: Strikes out swinging
|
|
Pitching: RHP Mark McDonald
|
|
|
Batting: RHB Joe Young
|
0-0: Ball 1-0: Called Strike 1-1: Foul Ball, location: 2F 1-2: Strikes out looking
|
|
Batting: RHB Tony Madrigal
|
0-0: Ball 1-0: Ball 2-0: Ball 3-0: Called Strike 3-1: Base on Balls Felix Torres to second
|
|
Batting: RHB Jeff Page
|
0-0: Ball 1-0: Ball 2-0: SINGLE (Groundball, 4M, EV 111.9 MPH) (infield hit) Felix Torres to third Tony Madrigal to second
|
|
Batting: RHB Scott Skoglund
|
0-0: SINGLE (Groundball, 6D, EV 99.4 MPH) Felix Torres scores Tony Madrigal to third Jeff Page to second Runner from 3rd tries for Home, throw by CF and OUT! 8-2
|
| Bottom of the 6th over - 2 runs, 4 hits, 0 errors, 2 left on base; Great Lakes 2 - Hagerstown 10 |
| TOP OF THE 7TH |
|
Great Lakes Loons batting - Pitching for Hagerstown Suns : RHP Fernando Fierros
|
|
Batting: RHB Santos Guadalupe
|
0-0: Swinging Strike 0-1: Ball 1-1: Called Strike 1-2: Ball 2-2: Ball 3-2: Ground out 6-3 (Groundball, 56, EV 104.4 MPH)
|
|
Pinch Hitting: RHB Jerry Sanchez
|
0-0: Ball 1-0: Ground out 5-3 (Groundball, 56S, EV 63.1 MPH)
|
|
Batting: RHB Alex Mejia
|
0-0: Ball 1-0: Ball 2-0: Ball 3-0: Base on Balls
|
|
Batting: LHB Antonio Luis
|
0-0: Called Strike 0-1: Called Strike 0-2: Fly out, F7 (Line Drive, 7D, EV 92.5 MPH)
|
| Top of the 7th over - 0 runs, 0 hits, 0 errors, 1 left on base; Great Lakes 2 - Hagerstown 10 |
| BOTTOM OF THE 7TH |
|
Hagerstown Suns batting - Pitching for Great Lakes Loons : RHP Mark McDonald
|
|
Now at 3B: Jerry Sanchez
|
|
|
Now at SS: Santos Guadalupe
|
|
|
Batting: RHB Jon Metzler
|
0-0: SINGLE (Groundball, 6MD, EV 94.4 MPH)
|
|
Batting: LHB Ben Montgomery
|
0-0: Ball 1-0: Foul Ball, location: 2F 1-1: Swinging Strike 1-2: Fielders Choice at 2nd, 4-6 (Groundball, 4, EV 109.4 MPH)
|
|
Pitching: RHP Yuichi Nozawa
|
|
|
Batting: RHB Kevin Wick
|
0-0: Ball 1-0: Ball 2-0: Ball 3-0: Foul Ball, location: 2F 3-1: Base on Balls Ben Montgomery to second
|
|
Batting: RHB Felix Torres
|
0-0: SINGLE (Groundball, 6D, EV 103.1 MPH) Ben Montgomery to third Kevin Wick to second Throwing error, E8 Ben Montgomery scores Kevin Wick to third Felix Torres to second
|
|
Batting: RHB Josh Courtney
|
0-0: Fly out, F9 (Flyball, 9LM, EV 105.6 MPH)
|
|
Batting: RHB Joe Young
|
0-0: Ball 1-0: Foul Ball, location: 2F 1-1: Ball 2-1: Ball 3-1: Base on Balls
|
|
Batting: RHB Tony Madrigal
|
0-0: Swinging Strike 0-1: SINGLE (Flyball, 8LS, EV 101.9 MPH) Kevin Wick scores Felix Torres to third Joe Young to second Runner from 3rd tries for Home, SAFE, throw by CF to home
|
|
Batting: RHB Jeff Page
|
0-0: Ball 1-0: Called Strike 1-1: DOUBLE (Flyball, 89XD, EV 104.4 MPH) Joe Young scores Tony Madrigal to third
|
|
Batting: RHB Scott Skoglund
|
0-0: Ball 1-0: Ball 2-0: Swinging Strike 2-1: Swinging Strike 2-2: Ball 3-2: Base on Balls
|
|
Pitching: RHP Matt Fields
|
|
|
Batting: RHB Jon Metzler
|
0-0: Hit by Pitch Tony Madrigal scores Jeff Page to third Scott Skoglund to second
|
|
Batting: LHB Ben Montgomery
|
0-0: Fielders Choice at 2nd, 6-4 (Groundball, 6, EV 80.0 MPH)
|
| Bottom of the 7th over - 5 runs, 4 hits, 1 error, 3 left on base; Great Lakes 2 - Hagerstown 15 |
| TOP OF THE 8TH |
|
Great Lakes Loons batting - Pitching for Hagerstown Suns : RHP Fernando Fierros
|
|
Batting: LHB Jim Chalk
|
0-0: Swinging Strike 0-1: Ball 1-1: Swinging Strike 1-2: DOUBLE (Flyball, 8LXD, EV 105.0 MPH)
|
|
Pinch Hitting: RHB Jayden Copeland
|
0-0: Ball 1-0: Called Strike 1-1: Ground out 5-3 (Groundball, 56, EV 87.5 MPH)
|
|
Batting: RHB Ashton Crenshaw
|
0-0: Swinging Strike 0-1: Swinging Strike 0-2: Ball 1-2: Ball 2-2: Strikes out looking
|
|
Batting: RHB Phil Knox
|
0-0: Ball 1-0: Ball 2-0: Ball 3-0: Base on Balls
|
|
Batting: RHB Josh Kimbrell
|
0-0: Called Strike 0-1: Fly out, F7 (Flyball, 78M, EV 76.9 MPH)
|
| Top of the 8th over - 0 runs, 1 hit, 0 errors, 2 left on base; Great Lakes 2 - Hagerstown 15 |
| BOTTOM OF THE 8TH |
|
Hagerstown Suns batting - Pitching for Great Lakes Loons : RHP Matt Fields
|
|
Now at 1B: Jayden Copeland
|
|
|
Batting: RHB Kevin Wick
|
0-0: Swinging Strike 0-1: Foul Ball, location: 2F 0-2: Fly out, F9 (Flyball, 89M, EV 89.4 MPH)
|
|
Batting: RHB Felix Torres
|
0-0: Fly out, F8 (Line Drive, 8LD, EV 85.6 MPH)
|
|
Batting: RHB Josh Courtney
|
0-0: Ball 1-0: Ball 2-0: Ball 3-0: Called Strike 3-1: Called Strike 3-2: Foul Ball, location: 2F 3-2: Strikes out looking
|
| Bottom of the 8th over - 0 runs, 0 hits, 0 errors, 0 left on base; Great Lakes 2 - Hagerstown 15 |
| TOP OF THE 9TH |
|
Great Lakes Loons batting - Pitching for Hagerstown Suns : RHP Fernando Fierros
|
|
Pitching: RHP Manny Arguelles
|
|
|
Batting: RHB Santos Guadalupe
|
0-0: Ball 1-0: Called Strike 1-1: Ground out 4-3 (Groundball, 4, EV 108.8 MPH)
|
|
Batting: RHB Jerry Sanchez
|
0-0: Called Strike 0-1: Called Strike 0-2: Ball 1-2: Ball 2-2: Fly out, F7 (Line Drive, 7S, EV 112.5 MPH)
|
|
Batting: RHB Alex Mejia
|
0-0: Ball 1-0: Swinging Strike 1-1: Ball 2-1: SINGLE (Groundball, 6S, EV 73.8 MPH) (infield hit)
|
|
Batting: LHB Antonio Luis
|
0-0: Called Strike 0-1: Ball 1-1: Foul Ball, location: 2F 1-2: 2-RUN HOME RUN (Flyball, 89XD, EV 98.8 MPH), Distance : 406 ft
|
|
Batting: LHB Jim Chalk
|
0-0: Swinging Strike 0-1: Swinging Strike 0-2: Strikes out looking
|
| Top of the 9th over - 2 runs, 2 hits, 0 errors, 0 left on base; Great Lakes 4 - Hagerstown 15 |
|